Map: Catalyst LE

Players

Harstem - Winner!

  • Race: Protoss Protoss
  • League: Master
  • Spawn Location: 5:00

Namshar

  • Race: Zerg Zerg
  • League: Grandmaster
  • Spawn Location: 11:00

Event: HomeStory Cup XVII

VOD

Have the link to the VOD?

Description

Time

  • Played on: June 30, 2018, 6:39 a.m.
  • Length: 12:32

All games in this series

Show
View Real Time Build Order
Export as new Build Order

Harstem Protoss - Winner!

Build Orders: 1 Gate Expand, Phoenix Opening, Mass Adepts 

Get SALT Encoding   

  12  0:01  Probe  
  13  0:13  Probe  
  14  0:19  Pylon  
  14  0:25  Probe  
  15  0:33  Probe  
  15  0:38  Gateway  
  15  0:41  Probe  
  16  0:48  Assimilator  
  17  0:52  Probe  
  18  1:04  Probe  
  19  1:16  Probe  
  20  1:24  Nexus  
  20  1:35  Cybernetics Core  
  20  1:38  Probe  
  21  1:45  Assimilator  
  21  1:50  Probe  
  21  1:53  Pylon  
  22  2:02  Adept, Probe  
  23  2:12  Warp Gate  
  23  2:14  Probe  
  26  2:23  Adept  
  26  2:24  Stargate  
  26  2:26  Probe  
  27  2:36  Probe  
  30  2:38  Probe  
  31  2:47  Adept  
  31  2:48  Probe  
  31  2:51  Probe  
  35  2:59  Phoenix  
  35  3:00  Probe  
  35  3:03  Probe  
  39  3:13  Probe  
  39  3:15  Gateway, Probe  
  41  3:25  Probe  
  41  3:26  Gateway  
  42  3:29  Twilight Council  
  43  3:36  Pylon  
  43  3:38  Adept  
  43  3:39  Probe  
  43  3:41  Probe, Resonating Glaives  
  45  3:46  Pylon  
  46  3:56  Probe  
  46  3:57  Probe  
  46  3:58  Assimilator  
  46  4:00  Assimilator  
  48  4:08  Probe  
  48  4:09  Probe  
  50  4:14  Pylon  
  50  4:15  Adept x2  
  54  4:20  Probe  
  54  4:22  Adept  
  54  4:23  Probe  
  58  4:29  Robotics Facility  
  58  4:32  Probe  
  58  4:35  Adept  
  58  4:36  Adept  
  63  4:42  Adept  
  63  4:45  Probe  
  66  4:58  Sentry  
  68  5:00  Nexus  
  68  5:06  Gateway  
  68  5:13  Pylon  
  68  5:14  Immortal  
  64  5:31  Probe  
  64  5:34  Probe  
  60  5:36  Sentry x3  
  60  5:39  Gateway x2  
  60  5:40  Gateway  
  58  5:43  Immortal  
  58  5:47  Shield Battery  
  60  5:52  Pylon  
  62  6:00  Adept  
  62  6:01  Sentry x2  
  62  6:02  Probe  
  62  6:03  Phoenix  
  69  6:09  Adept  
  69  6:10  Probe  
  72  6:13  Probe  
  72  6:14  Probe  
  72  6:15  Warp Prism  
  74  6:18  Forge  
  74  6:20  Adept  
  78  6:27  Probe  
  78  6:30  Probe x2  
  81  6:35  Pylon  
  81  6:38  Probe  
  81  6:39  Probe x2  
  82  6:44  Adept x2  
  82  6:47  Probe  
  88  6:51  Probe  
  88  6:52  Robotics Bay  
  89  6:54  Probe, Observer  
  89  6:57  Probe  
  89  6:58  Protoss Ground Weapons Level 1  
  89  6:59  Adept  
  95  7:03  Probe  
  95  7:06  Probe, Robotics Facility  
  97  7:09  Probe  
  97  7:13  Pylon  
  97  7:14  Blink  
  98  7:19  Assimilator  
  98  7:20  Probe, Pylon  
  99  7:27  Adept x3  
  105  7:31  Adept x2  
  105  7:34  Disruptor  
  109  7:41  Probe  
  109  7:44  Assimilator  
  110  7:47  Photon Cannon  
  113  7:55  Disruptor  
  113  8:00  Stalker x2  
  113  8:01  Disruptor  
  113  8:04  Pylon  
  117  8:05  Probe  
  117  8:06  Probe, Pylon  
  117  8:07  Pylon  
  117  8:11  Shield Battery  
  125  8:14  Pylon  
  125  8:18  Disruptor  
  125  8:20  Pylon  
  125  8:21  Photon Cannon  
  125  8:22  Zealot  
  130  8:40  Disruptor  
  129  8:43  Dark Shrine  
  129  8:46  Stalker x7  
  143  8:49  Disruptor  
  143  8:56  Photon Cannon  
  143  9:01  Pylon  
  146  9:11  Stalker  
  146  9:16  Disruptor  
  146  9:17  Nexus  
  151  9:20  Disruptor  
  151  9:22  Adept x3  
  157  9:31  Stalker  
  160  9:47  Sentry, Stalker x5  
  160  9:50  Pylon  
  162  10:14  Adept x5  
  162  10:15  Dark Templar x2  
  160  10:40  Stalker x5  
  168  10:45  Probe  
  168  10:47  Pylon  
  169  10:51  Dark Templar  
  169  10:52  Dark Templar  
  169  10:55  Disruptor  
  176  10:59  Photon Cannon  
  176  11:01  Photon Cannon  
  176  11:05  Adept x3  
  175  11:22  Stalker x2  
  177  11:27  Disruptor  
  167  11:47  Stalker x3  
  167  11:48  Stalker x4  
  166  11:54  Disruptor  
  157  12:19  Adept x4  
  157  12:20  Adept x3  
Show
View Real Time Build Order
Export as new Build Order

Namshar Zerg 

Build Orders: Hatch First, Lurkers, Roach Hydra 

Get SALT Encoding   

  12  0:01  Drone  
  13  0:12  Overlord  
  13  0:17  Drone  
  14  0:30  Drone x2  
  16  0:48  Hatchery  
  15  0:52  Drone  
  15  0:55  Drone  
  17  0:58  Drone  
  18  1:09  Extractor  
  17  1:15  Spawning Pool  
  17  1:17  Drone  
  17  1:20  Drone  
  18  1:28  Drone  
  19  1:38  Drone  
  20  1:49  Overlord  
  20  2:01  Queen x2  
  20  2:02  Zergling x2  
  20  2:03  Drone  
  26  2:10  Metabolic Boost  
  26  2:12  Zergling x2  
  26  2:14  Drone  
  28  2:22  Drone x2  
  30  2:34  Drone  
  30  2:35  Drone  
  32  2:39  Hatchery  
  32  2:43  Overlord  
  31  2:46  Drone  
  32  2:54  Zergling x2  
  32  2:55  Zergling x2  
  32  2:57  Queen  
  36  3:06  Drone  
  36  3:07  Drone  
  36  3:08  Drone  
  36  3:09  Drone  
  36  3:11  Zergling x2  
  41  3:15  Drone x3  
  44  3:22  Overlord  
  44  3:23  Overlord  
  44  3:26  Spore Crawler  
  42  3:30  Drone  
  42  3:32  Spore Crawler  
  42  3:33  Overlord  
  42  3:40  Queen  
  44  3:42  Drone  
  44  3:43  Drone  
  46  3:49  Drone  
  46  3:55  Drone  
  48  3:56  Drone  
  48  3:57  Drone x3  
  48  4:02  Drone  
  53  4:04  Drone  
  53  4:07  Roach Warren, Drone, Extractor  
  53  4:12  Overlord  
  53  4:15  Drone  
  53  4:16  Drone x3  
  57  4:23  Drone  
  58  4:24  Queen  
  58  4:27  Spore Crawler  
  58  4:28  Overlord  
  59  4:37  Overlord, Drone x3, Extractor  
  59  4:38  Overlord  
  61  4:43  Drone x3  
  63  4:49  Lair  
  63  4:52  Roach x2  
  67  4:54  Zergling x8  
  67  4:57  Roach  
  73  5:01  Roach, Zergling x2  
  73  5:02  Zergling x4  
  76  5:08  Roach, Zergling x4  
  78  5:25  Drone x7  
  71  5:36  Drone  
  71  5:37  Drone x6  
  76  5:48  Drone x2  
  76  5:49  Hydralisk Den, Drone x2  
  79  5:51  Evolution Chamber  
  78  6:00  Overlord, Drone  
  78  6:01  Drone x6  
  85  6:09  Overlord  
  85  6:10  Glial Reconstitution  
  85  6:16  Hatchery  
  85  6:17  Zerg Missile Weapons Level 1  
  84  6:19  Extractor  
  84  6:21  Extractor  
  84  6:22  Extractor  
  84  6:24  Overlord x2, Drone x2  
  84  6:25  Roach x2  
  87  6:26  Roach  
  87  6:31  Drone x3  
  92  6:34  Drone x3  
  92  6:36  Overlord  
  95  6:41  Overlord x2, Grooved Spines  
  95  6:43  Roach  
  97  6:52  Overlord  
  97  6:57  Hydralisk x2  
  97  6:58  Hydralisk  
  103  7:02  Roach x3  
  103  7:05  Roach x2  
  113  7:11  Roach x4  
  113  7:13  Zergling x4  
  122  7:17  Ravager  
  122  7:18  Spine Crawler  
  122  7:21  Ravager  
  123  7:23  Overlord x2  
  123  7:27  Hydralisk x2, Zergling x2  
  123  7:28  Zergling x10  
  133  7:37  Overlord  
  133  7:38  Overlord  
  133  7:43  Hydralisk  
  133  7:44  Hydralisk x2  
  131  7:50  Drone x2  
  139  7:52  Muscular Augments  
  139  7:57  Drone  
  139  7:58  Drone x11  
  151  7:59  Extractor  
  151  8:02  Extractor  
  149  8:06  Drone  
  149  8:07  Pneumatized Carapace  
  149  8:08  Lurker Den  
  149  8:09  Hydralisk x2  
  153  8:15  Overseer  
  153  8:16  Hydralisk x3  
  153  8:18  Zergling x4  
  153  8:19  Zergling x2  
  162  8:26  Zerg Missile Weapons Level 2  
  162  8:27  Drone  
  162  8:28  Spine Crawler  
  162  8:30  Spine Crawler  
  153  8:43  Spine Crawler  
  153  8:44  Drone x2  
  153  8:45  Spine Crawler, Drone  
  153  8:47  Drone x2  
  155  8:52  Drone  
  155  8:53  Hydralisk, Drone x2  
  155  8:54  Hydralisk x3  
  166  8:58  Drone x3  
  166  8:59  Drone  
  169  9:10  Hydralisk  
  169  9:11  Hydralisk x3  
  169  9:16  Hydralisk x3  
  183  9:22  Hydralisk x3  
  189  9:34  Lurker  
  189  9:35  Lurker  
  189  9:36  Lurker  
  189  9:38  Lurker x2  
  194  9:39  Lurker  
  194  9:43  Hydralisk  
  194  9:44  Hydralisk x2  
  186  10:10  Hydralisk x10  
  195  10:18  Hydralisk  
  195  10:19  Hydralisk x4  
  197  10:28  Overseer x3  
  168  10:33  Hydralisk  
  168  10:34  Hydralisk x3  
  170  10:49  Overlord, Extractor  
  163  10:50  Hatchery  
  160  11:03  Hydralisk  
  159  11:04  Zergling x10  
  159  11:05  Zergling x16  
  159  11:10  Hatchery  
  173  11:11  Zergling x4  
  174  11:21  Overseer  
  174  11:22  Hydralisk x3  
  175  11:39  Hydralisk  
  163  11:40  Hydralisk x7  
  160  11:47  Hydralisk  
  160  11:48  Zergling x6  
  138  11:54  Hydralisk  
  138  11:55  Hydralisk x2  
  138  11:59  Hydralisk x3  
  138  12:00  Hydralisk x3  
  148  12:11  Zergling x4  
Tags
 
Add a new tag
Caveats
  • Supply blocks, unpowered buildings, or Contaminate may cause inaccurate times.
  • Supply counts are checked every 10 seconds.